 Dungeon Crawl Stone Soup version 0.25-a0-663-gace7076 (webtiles) character file.

Game seed: 1268203011703500971, levelgen mode: deterministic

321 MrTaco21 the Cudgeler (level 6, -5/37 HPs)
             Began as a Gargoyle Fighter on Mar 24, 2020.
             Was an Initiate of Qazlal.
             Slain by a wraith (7 damage)
             ... in an ossuary.
             The game lasted 00:05:08 (3409 turns).

MrTaco21 the Cudgeler (Gargoyle Fighter)            Turns: 3409, Time: 00:05:09

Health: -5/37      AC: 14    Str: 22    XL:     6   Next: 46%
Magic:  6/6        EV:  7    Int:  8    God:    Qazlal [......]
Gold:   183        SH:  9    Dex:  9    Spells: 5/5 levels left

rFire    . . .     SeeInvis .   a - +0 flail
rCold    . . .     Gourm    .   c - +0 kite shield
rNeg     + . .     Faith    .   b - +0 scale mail
rPois    ∞         Spirit   .   (no helmet)
rElec    +         Reflect  .   (no cloak)
rCorr    .         Harm     .   (no gloves)
MR       .....                  o - +0 pair of boots
Stlth    ..........             (no amulet)
HPRegen  0.12/turn              w - +2 ring of protection
MPRegen  0.10/turn              (no ring)

@: hasted and slowed
A: negative energy resistance 1, electricity resistance, unbreathing,
petrification resistance, rot immunity, AC +4
a: Renounce Religion


You were in an ossuary.
You worshipped Qazlal.
Qazlal was noncommittal.
You were not hungry.

You visited 1 branch of the dungeon, and saw 4 of its levels.
You also visited: Ossuary.

You collected 183 gold pieces.

Inventory:

Hand Weapons
 a - a +0 flail (weapon)
Missiles
 g - 17 poisoned darts (quivered)
 p - 2 throwing nets {!f}
Armour
 b - a +0 scale mail (worn)
 c - a +0 kite shield (worn)
 o - a +0 pair of boots (worn)
   (You found it on level 2 of the Dungeon)
Jewellery
 w - a +2 ring of protection (left hand)
   (You found it on level 3 of the Dungeon)
Scrolls
 i - 2 scrolls of identify {unknown}
 j - 2 scrolls of remove curse {@r2}
 n - 2 scrolls of enchant armour {unknown}
 q - a scroll of magic mapping {unknown}
 s - a scroll of amnesia {unknown}
 u - a scroll of fear {unknown}
 v - a scroll of random uselessness {unknown}
 x - a scroll of blinking {unknown}
 y - a scroll of teleportation {unknown}
Potions
 d - 2 potions of might
 f - 2 potions of heal wounds {unknown}
 h - a potion of lignification {unknown}
 k - 2 potions of curing {unknown}
 l - 2 potions of stabbing {unknown}
 m - a potion of cancellation {unknown}
 r - a potion of ambrosia {unknown}
 z - a potion of mutation {unknown}
 A - a potion of berserk rage {unknown}
Comestibles
 e - 11 rations {!d}


   Skills:
 - Level 3.2 Fighting
 + Level 6.6 Maces & Flails
 - Level 3.2 Armour
 - Level 3.2 Shields


You had 5 spell levels left.
You didn't know any spells.
Your spell library was empty.

Dungeon Overview and Level Annotations

Branches:
Dungeon (4/15)             Temple (0/1) D:4         Ossuary (1/1)

Altars:
Qazlal
Sif Muna
Vehumet

Annotations:
D:2 Sigmund


Innate Abilities, Weirdness & Mutations

You are resistant to torment.
Your stone body is resilient. (AC +4)
You are immune to poison.
You resist negative energy. (rN+)
You are resistant to electric shocks. (rElec)
You can survive without breathing.
You are immune to petrification.
You are immune to rotting.


Message History

You block the wraith's attack.
Unknown command.
You hit the wraith. You block the wraith's attack.
Unknown command.
Unknown command.
You closely miss the wraith. The wraith hits you but does no damage.
The wraith closely misses you.
You thump the wraith! The wraith hits you. You block the wraith's attack.
Unknown command.
Unknown command.
You barely miss the wraith. The wraith hits you. The wraith drains your vigour!
You feel as though you will be slow longer.
You closely miss the wraith. The wraith barely misses you.
The wraith completely misses you.
Unknown command.
Unknown command.
Your shield prevents you from hitting the wraith.
The wraith hits you. The wraith drains your vigour!
You feel as though you will be slow longer.
The wraith hits you!
* * * LOW HITPOINT WARNING * * *
Unknown command.
You closely miss the wraith. The wraith hits you but does no damage.
Unknown command.
You closely miss the wraith. The wraith hits you but does no damage.
The wraith hits you.
* * * LOW HITPOINT WARNING * * *
You barely miss the wraith. You block the wraith's attack.
The wraith hits you but does no damage.
Unknown command.
You closely miss the wraith. The wraith hits you.
* * * LOW HITPOINT WARNING * * *
You block the wraith's attack.
You hit the wraith but do no damage. The wraith barely misses you.
Unknown command.
Unknown command.
You closely miss the wraith. The wraith closely misses you.
The wraith hits you.
* * * LOW HITPOINT WARNING * * *
You feel yourself speed up. The wraith hits you.
* * * LOW HITPOINT WARNING * * *
The wraith drains your vigour!
You feel as though you will be slow longer.
You block the gnoll skeleton's attack.
There is an open door here.
There is an open gate here.
You hit the wraith. You block the wraith's attack.
You sock the wraith! The wraith hits you but does no damage.
You hit the wraith. The wraith barely misses you. The wraith hits you!
You die...

...##..??.##...#
#...##...##...## .
#...#####Z..## ...
#.........##..
....#####'#####...
..................
.................Z
########ZW'######
####.@.####
#..'...'..#
#..#...#..#
####...#### #...#
#...# #...# #...#
#...#


You could see a wraith and a gnoll skeleton.

Vanquished Creatures
  A phantom (D:4)
  2 worker ants (D:4)
  Natasha (thrice) (D:2)
  A mummy (Ossuary)
  An adder (D:2)
  A worm (D:3)
  3 dart slugs (D:1)
  A leopard gecko (D:4)
  4 orcs (D:3)
  3 ball pythons
  4 bats
  2 giant cockroaches (D:2)
  6 goblins
  5 hobgoblins
  3 quokkas
  2 frilled lizards
  4 gnoll skeletons (Ossuary)
  10 kobolds
  5 kobold skeletons (Ossuary)
  4 orc skeletons (Ossuary)
  16 rats
81 creatures vanquished.

Vanquished Creatures (others)
  An orc wizard (D:3)
1 creature vanquished.

Grand Total: 82 creatures vanquished

Notes
Turn   | Place    | Note
-------+----------+-------------------------------------------
     0 | D:1      | MrTaco21 the Gargoyle Fighter began the quest for the Orb.
     0 | D:1      | Reached XP level 1. HP: 14/14 MP: 1/1
    94 | D:1      | Reached XP level 2. HP: 19/19 MP: 2/2
   171 | D:1      | Reached skill level 3 in Maces & Flails
   969 | D:2      | Reached XP level 3. HP: 20/23 MP: 3/3
  1082 | D:2      | Noticed Sigmund
  1482 | D:2      | Noticed Natasha
  1493 | D:2      | Killed Natasha
  1493 | D:2      | Reached skill level 4 in Maces & Flails
  1493 | D:2      | Reached XP level 4. HP: 15/28 MP: 4/4
  1661 | D:2      | Noticed Natasha
  1673 | D:2      | Killed Natasha
  2174 | D:2      | Noticed Natasha
  2180 | D:2      | Killed Natasha
  2180 | D:2      | Reached skill level 5 in Maces & Flails
  2180 | D:2      | Reached XP level 5. HP: 28/32 MP: 5/5
  2191 | D:3      | Found a radiant altar of Vehumet.
  2485 | D:3      | Found a shimmering blue altar of Sif Muna.
  2730 | D:4      | Noticed a phantom
  2777 | D:4      | Killed a phantom
  2777 | D:4      | Reached skill level 6 in Maces & Flails
  2777 | D:4      | Reached XP level 6. HP: 17/37 MP: 6/6
  2996 | D:4      | Found a stormy altar of Qazlal.
  3035 | D:4      | Found a staircase to the Ecumenical Temple.
  3073 | D:4      | Became a worshipper of Qazlal Stormbringer
  3148 | D:4      | Found a sand-covered staircase.
  3155 | Ossuary  | Entered an ossuary
  3155 | Ossuary  | Noticed a wraith
  3155 | Ossuary  | Noticed a wraith
  3155 | Ossuary  | Noticed a wraith
  3374 | Ossuary  | Noticed a wraith
  3396 | Ossuary  | HP: 1/37 [wraith (2)]
  3409 | Ossuary  | Slain by a wraith

Levels and vault maps discovered:
D:1:      kennysheep_arrival_forest, layout_basic
D:2:      layout_basic, minmay_rat_gold_closets, uniq_natasha, uniq_sigmund
D:3:      layout_basic, vehumet_crystals, first_ration, tgw_sif
D:4:      layout_loops_ring, marbit_many_paths,
          minmay_temple_entry_gardened_gates, chequers_ossuary_entry_cave
Ossuary:  ossuary_due_mausoleum

Skill      XL: |  1  2  3  4  5 |
---------------+----------------+-----
Maces & Flails | 3 4 5 6 |  6.6
Fighting       | |  3.2
Armour         | |  3.2
Shields        | |  3.2

Action                   |  1- 3 |  4- 6 || total
-------------------------+-------+-------++-------
Melee: Flail             |   107 |   183 ||   290
  Use: Scroll            |     1 |       ||     1
       Potion            |       |     1 ||     1
  Eat: Chunk             |     2 |     6 ||     8
Armor: Scale mail        |    61 |    68 ||   129
Dodge: Dodged            |    37 |    35 ||    72
Block: Kite shield       |    52 |    73 ||   125

Table legend:
 A = Non-vault XP
 B = Vault XP
 C = Vault XP percentage of total XP
 D = Non-vault monster count
 E = Vault monster count
 F = Vault count percentage of total count
                 A         B        C        D         E       F
            +---------+---------+-------+---------+---------+-------
      Total |     383 |      76 |  16.6 |      58 |      23 |  28.4
            +---------+---------+-------+---------+---------+-------
        D:1 |      26 |       0 |   0.0 |      12 |       0 |   0.0
        D:2 |     106 |      42 |  28.4 |      17 |       8 |  32.0
        D:3 |      48 |       0 |   0.0 |      24 |       0 |   0.0
        D:4 |     203 |       3 |   1.5 |       5 |       1 |  16.7
    Ossuary |       0 |      31 | 100.0 |       0 |      14 | 100.0
            +---------+---------+-------+---------+---------+-------
